 Dungeon Crawl Stone Soup version 0.27-a0-79-gcaaa221d37 (webtiles) character file.

Game seed: 603138188290696778

31 Borgoz the Slasher (level 3, -2/30 HPs)
             Began as a Ghoul Gladiator on Jan 14, 2021.
             Slain by a scorpion (9 damage)
             ... on level 2 of the Dungeon.
             The game lasted 00:00:44 (599 turns).

Borgoz the Slasher (Ghoul Gladiator)                 Turns: 599, Time: 00:00:45

Health: -2/30      AC:  4    Str: 17    XL:     3   Next: 22%
Magic:  2/2        EV: 12    Int:  3    God:
Gold:   39         SH:  0    Dex: 11    Spells: 2/2 levels left

rFire    . . .     SeeInvis .   a - +0 long sword
rCold    + . .     Faith    .   (no shield)
rNeg     + + +     Spirit   .   b - +0 leather armour
rPois    ∞         Reflect  .   c - +0 helmet
rElec    .         Harm     .   (no cloak)
rCorr    .         Rampage  .   (no gloves)
Will     .....                  (no boots)
Stlth    +.........             e - amulet of regeneration
HPRegen  0.00/turn              (no ring)
MPRegen  0.08/turn              (no ring)

@: no status effects
A: claws 1, cold resistance 1, negative energy resistance 3, inhibited
regeneration, torment resistance, unbreathing
a: no special abilities


You were on level 2 of the Dungeon.
You visited 1 branch of the dungeon, and saw 2 of its levels.

You collected 39 gold pieces.

Inventory:

Hand Weapons
 a - a +0 long sword (weapon)
Missiles
 d - a throwing net (quivered)
Armour
 b - a +0 leather armour (worn)
 c - a +0 helmet (worn)
Jewellery
 e - an amulet of regeneration (around neck)
Scrolls
 h - 2 scrolls of identify {unknown}
 l - a scroll of amnesia {unknown}
Potions
 f - a potion of heal wounds {unknown}
 g - a potion of might {unknown}
 i - a potion of curing {unknown}
 j - a potion of lignification {unknown}
 k - a potion of magic {unknown}


   Skills:
 + Level 2.8 Fighting
 + Level 3.0 Long Blades
 - Level 1.7 Throwing
 + Level 1.0 Armour
 + Level 3.0 Dodging


You had 2 spell levels left.
You didn't know any spells.
Your spell library was empty.

Dungeon Overview and Level Annotations

Branches:
Dungeon (2/15)

Altars:


Innate Abilities, Weirdness & Mutations

You thrive by killing the living.
You are immune to poison.
You have sharp fingernails.
Your flesh is cold resistant. (rC+)
You are immune to negative energy. (rN+++)
You do not regenerate when monsters are visible.
You are immune to unholy pain and torment.
You can survive without breathing.


Message History

The scorpion is moderately wounded.
The scorpion stings you!
You are too injured to fight recklessly!
You are too injured to fight recklessly!
You are too injured to fight recklessly!
You are too injured to fight recklessly!
Throw: 3 throwing nets
Press: ? - help, Q - select action Shift-Dir - straight line, f - scorpion
Aim: a scorpion (moderately wounded)
You throw a throwing net.
The throwing net closely misses the scorpion.
The scorpion stings you.
* * * LOW HITPOINT WARNING * * *
Throw: 2 throwing nets
Press: ? - help, Q - select action Shift-Dir - straight line, f/p - scorpion
Aim: a scorpion (moderately wounded)
You throw a throwing net.
The throwing net closely misses the scorpion.
The scorpion stings you!
You die...

... #.# #.# #.
####.# #. ....# #.
#..# ####.###
#..####.####
.......##
#^.@.......#
#....####.s######...
#........(.#
##...####.##
########.#####.#
.....#........?#
#...........#
###.#.####..# #.#.#
#..#


You could see a scorpion.

Vanquished Creatures
  A hound zombie (D:2)
  A dart slug (D:1)
  3 giant cockroaches (D:1)
  3 bats
  2 frilled lizards
  3 goblins (D:1)
  2 rats (D:1)
15 creatures vanquished.

Notes
Turn   | Place    | Note
-------+----------+-------------------------------------------
     0 | D:1      | Borgoz the Ghoul Gladiator began the quest for the Orb.
     0 | D:1      | Reached XP level 1. HP: 17/17 MP: 0/0
     9 | D:1      | Noticed a centaur
    89 | D:1      | Reached XP level 2. HP: 25/25 MP: 1/1
   567 | D:2      | Reached skill level 1 in Armour
   567 | D:2      | Reached XP level 3. HP: 27/30 MP: 2/2
   580 | D:2      | Noticed a scorpion
   599 | D:2      | Slain by a scorpion

Illustrated notes

Levels and vault maps discovered:
D:1:      evilmike_arrival_come_back, layout_loops_ring, minmay_misc_feat_roman,
          chequers_garden, corexii_leaking_fountain
D:2:      layout_loops_ring, nicolae_gozag_seed_capital, serial_bayou,
          serial_bayou_shore_b, serial_bayou_pond_b, serial_bayou_shore_a,
          serial_bayou_pond_e

Skill      XL: |  1  2 |
---------------+-------+-----
Long Blades    | 3 |  3.0
Armour         | 1 |  1.0
Dodging        | 3 |  3.0
Fighting       | |  2.8
Throwing       | |  1.7

Action                   || total
-------------------------++-------
Melee: Long sword        ||    43
Throw: Throwing net      ||     2
Armor: Leather armour    ||    20
Dodge: Dodged            ||    34
       Rpst.: Long sword ||    14

Table legend: (Time is in decaauts)
 A = Elapsed time spent in this place.
 B = Non-inter-level travel time spent in this place.
 C = Inter-level travel time spent in this place.
 D = Time resting spent in this place.
 E = Time spent auto-exploring this place.
 F = Levels seen in this place.
 G = Mean time per level.
                   A        B        C        D        E       F      G
               +--------+--------+--------+--------+--------+-----+--------+
         Total |    610 |    599 |     11 |      0 |    481 |   2 |  305.0 |
       Dungeon |    610 |    599 |     11 |      0 |    481 |   2 |  305.0 |
               +--------+--------+--------+--------+--------+-----+--------+

Top non-repeatable levels by time:
     D:1: 548 daAuts
     D:2: 62 daAuts
